 Dungeon Crawl Stone Soup version 0.29-a0-284-gf9362112df (webtiles) character file.

Game seed: 10382298257290147820

145 avis the Insei (level 5, 0/36 HPs)
             Began as an Octopode Transmuter on Mar 21, 2022.
             Was an Initiate of Gozag.
             Slain by Grinder (1 damage)
             ... on level 3 of the Dungeon.
             The game lasted 00:15:17 (2828 turns).

avis the Insei (Octopode Transmuter)                Turns: 2828, Time: 00:15:19

Health: 0/36       AC:  1    Str: 11    XL:     5   Next: 27%
Magic:  5/8        EV: 13    Int: 15    God:    Gozag
Gold:   133        SH:  0    Dex: 13    Spells: 4/8 levels left

rFire   . . .      SeeInvis .     - Unarmed
rCold   . . .      Faith    .   (no shield)
rNeg    . . .      Spirit   .   (helmet currently unavailable)
rPois   .          Reflect  .   (no amulet)
rElec   .          Harm     .   (no ring)
rCorr   .          Rampage  .   (no ring)
Will    .....                   (no ring)
Stlth   +++.......              (no ring)
HPRegen 0.12/turn               (no ring)
MPRegen 0.11/turn               (no ring)
                                (no ring)
                                (no ring)

@: appendages, gold aura
A: tentacle spike 3, almost no armour, amphibious, 8 rings, camouflage 1,
gelatinous body 1, (nimble swimmer 1), tentacles
a: End Transformation, Renounce Religion, Potion Petition, Call Merchant, Bribe
Branch


You were on level 3 of the Dungeon.
You worshipped Gozag.
Gozag was aware of your devotion.
One of your tentacles had grown a beastly spike.
You visited 1 branch of the dungeon, and saw 3 of its levels.

You collected 240 gold pieces.
You spent 97 gold pieces at shops.
You paid 10 gold pieces to Gozag.

Inventory:

Hand Weapons
 i - a +0 hunting sling
Missiles
 c - 158 stones
Armour
 k - a +0 buckler
Scrolls
 e - 2 scrolls of enchant armour {unknown}
 g - 2 scrolls of identify {unknown}
 h - a scroll of amnesia {unknown}
 j - a scroll of teleportation {unknown}
Potions
 a - 3 potions of lignification
 b - a potion of cancellation {unknown}
 d - 2 potions of flight {unknown}
 f - a potion of curing {unknown}


   Skills:
 - Level 3.0 Fighting
 - Level 2.0 Dodging
 - Level 3.0 Stealth
 * Level 3.9 Unarmed Combat
 - Level 2.0 Spellcasting
 - Level 2.0 Transmutations
 - Level 2.0 Poison Magic


You had 4 spell levels left.
You knew the following spells:

 Your Spells              Type           Power      Damage    Failure   Level
a - Beastly Appendage     Tmut           14%        N/A       10%         1
p - Spider Form           Tmut/Pois      7%         N/A       28%         3

Your spell library contained the following spells:

 Spells                   Type           Power      Damage    Failure   Level
 Wereblood                Tmut           7%         N/A       14%         2
 Ice Form                 Ice/Tmut       4%         N/A       82%         4


Dungeon Overview and Level Annotations

Branches:
Dungeon (3/15)

Altars:
Gozag

Shops:
D:1 (   D:2 [   D:3 !

Annotations:
D:3 Grinder


Innate Abilities, Weirdness & Mutations

One of your tentacles has grown a beastly spike.
You cannot wear most types of armour.
You are amphibious.
You can wear up to eight rings at the same time.
Your skin changes colour to match your surroundings (Stealth+).
Your rubbery body absorbs attacks. (AC +1, EV +1)
((You are camouflaged when in or above water. (Stealth+)))
You have tentacles for arms and can constrict up to eight enemies at once.


Message History

Confirm with . or Enter, or press ? or * to list all spells.
The spell is quite dangerous to miscast (28% risk of failure)!
Continue anyway?
You turn into a venomous arachnid creature.
Your transformation is almost over.
Grinder shouts!
Grinder closely misses you.
You hit Grinder but do no damage. Grinder hits you.
You writhe in agony.
You hit Grinder but do no damage. The endoplasm freezes you.
You are frozen.
Grinder blinks!
You hit the endoplasm but do no damage. Grinder gestures at you.
You barely resist. The endoplasm barely misses you.
You bite the endoplasm!
You kill the endoplasm!
Grinder hits you!
You hit Grinder.
Grinder is poisoned.
Grinder is lightly wounded.
Your transformation has ended.
Grinder hits you.
Casting: Spider Form (quite dangerous; 28% risk of failure)
Confirm with . or Enter, or press ? or * to list all spells.
One of your tentacles grows a vicious spike.
Grinder hits you.
You writhe in agony.
You tentacle-slap Grinder. Your grab misses Grinder.
Your tentacle spike misses Grinder.
Grinder is moderately wounded.
Grinder hits you.
* * * LOW HITPOINT WARNING * * *
You writhe in agony.
* * * LOW HITPOINT WARNING * * *
You tentacle-slap Grinder but do no damage.
You grab Grinder.
You pierce Grinder.
Grinder is heavily wounded.
You constrict Grinder, but do no damage.
Grinder hits you.
* * * LOW HITPOINT WARNING * * *
You writhe in agony.
You die...
Your body crumbles into a pile of gold.

### .# .... #.. ....#
######....# #.# #.#.#
#$......#.# # #.###.#.#
+......... ..#.#<#.#.#.#
#.......# #...........#
#.......# ##
........#...#.##.......#
#.
#.#...#.....#..5@.$..#.#
#.
#...#..................#
#.
###.#.#....#.?.#####.###
## #?#.#....#...# #.# #
!...+....#...# #.######
## # .###....#..
#......# #> ..#. #....#.
#..###.# #. ... #....#.
#....#.# #. ..# ###....#
#....#.# #.


You could see Grinder (very poisoned).

Vanquished Creatures
  A jelly (D:3)
  6 adders
  A worm (D:2)
  3 dart slugs
  3 ball pythons
  5 bats
  8 endoplasms
  5 giant cockroaches
  3 hobgoblins
  4 kobolds
  A quokka (D:3)
  3 frilled lizards
  2 goblins
  11 rats
56 creatures vanquished.

Notes
Turn   | Place    | Note
-------+----------+-------------------------------------------
     0 | D:1      | avis the Octopode Transmuter began the quest for the Orb.
     0 | D:1      | Reached XP level 1. HP: 13/13 MP: 3/3
   164 | D:1      | Reached skill level 1 in Stealth
   205 | D:1      | Reached XP level 2. HP: 16/19 MP: 3/5
   429 | D:1      | Found a faded altar of an unknown god.
   686 | D:1      | Found Ucaorap's Weapon Shop.
  1086 | D:1      | Reached XP level 3. HP: 24/24 MP: 4/6
  1090 | D:1      | Learned a level 3 spell: Spider Form
  1491 | D:2      | Found an opulent altar of Gozag.
  1494 | D:2      | Reached skill level 1 in Poison Magic
  1513 | D:2      | Became a worshipper of Gozag Ym Sagoz the Greedy
  1555 | D:2      | You fall into a shaft and drop 1 floor!
  1569 | D:3      | Found Ufuat's Distillery.
  1573 | D:3      | Bought a potion of lignification for 39 gold pieces
  1686 | D:3      | Reached XP level 4. HP: 24/29 MP: 2/7
  2278 | D:2      | Found Sokoischux's Armour Emporium.
  2286 | D:2      | Bought a +0 buckler for 58 gold pieces
  2400 | D:3      | Reached XP level 5. HP: 21/36 MP: 6/8
  2776 | D:3      | Noticed Grinder
  2828 | D:3      | HP: 1/36 [Grinder (3)]
  2828 | D:3      | Slain by Grinder

Illustrated notes

Levels and vault maps discovered:
D:1:      minmay_arrival_doors, layout_basic, ebering_ecumenical_altar_webs,
          serial_shops, nicolae_lakefront_shop, minmay_box_of_dots
D:2:      layout_loops_ring, serial_shops, shop, basic_altar
D:3:      layout_basic, mainiacjoe_overflow_two_lobes, serial_shops,
          nicolae_shop_behind_doors, grunt_ministairs_4, uniq_robin,
          uniq_grinder, uniq_jessica

Skill      XL: |  1  2  3  4 |
---------------+-------------+-----
Stealth        | 1 2 3 |  3.0
Fighting       | 2 3 |  3.0
Poison Magic   | 2 |  2.0
Dodging        | |  2.0
Unarmed Combat | |  3.9
Spellcasting   | |  2.0
Transmutations | |  2.0

Action                   |  1- 3 |  4- 6 || total
-------------------------+-------+-------++-------
Melee: Unarmed           |    87 |    41 ||   128
       Constrict         |    21 |     5 ||    26
       Kick              |    26 |    10 ||    36
       Tentacles         |    16 |     3 ||    19
 Cast: Beastly Appendage |    24 |    12 ||    36
       Spider Form       |     2 |     3 ||     5
 Stab: Sleeping          |    12 |     7 ||    19
       Distracted        |     1 |       ||     1
Armor: Skin              |     8 |     1 ||     9
Dodge: Dodged            |    50 |    20 ||    70

Table legend: (Time is in decaauts)
 A = Elapsed time spent in this place.
 B = Non-inter-level travel time spent in this place.
 C = Inter-level travel time spent in this place.
 D = Time resting spent in this place.
 E = Time spent auto-exploring this place.
 F = Levels seen in this place.
 G = Mean time per level.
                   A        B        C        D        E       F      G
               +--------+--------+--------+--------+--------+-----+--------+
         Total |   2824 |   2751 |     73 |    740 |   1287 |   3 |  941.3 |
       Dungeon |   2824 |   2751 |     73 |    740 |   1287 |   3 |  941.3 |
               +--------+--------+--------+--------+--------+-----+--------+

Top non-repeatable levels by time:
     D:1: 1251 daAuts
     D:2: 1132 daAuts
     D:3: 439 daAuts
